[Event "Dos Hermanas Internet Tournament:  final knockout stage"]
[Site "Internet Chess Club"]
[Date "2002.03.22"]
[Round "1a"]
[White "panagulis"]
[Black "Akula"]
[Result "1-0"]
[ICCResult "Black resigns"]
[WhiteElo "3085"]
[BlackElo "2777"]
[Opening "Ruy Lopez: open, St. Petersburg variation"]
[ECO "C82"]
[NIC "RL.30"]
[Time "14:59:59"]
[TimeControl "480+2"]

1. e4 e5 2. Nf3 Nc6 3. Bb5 a6 4. Ba4 Nf6 5. O-O Nxe4 6. d4 b5 7. Bb3 d5 8.
dxe5 Be6 9. c3 Bc5 10. Nbd2 O-O 11. Bc2 Bf5 12. Nb3 Bg6 13. Nfd4 Bxd4 14.
cxd4 a5 15. Be3 a4 16. Nd2 a3 17. Nxe4 axb2 18. Rb1 Bxe4 19. Rxb2 Qd7 20.
Bd3 Bxd3 21. Qxd3 Rfb8 22. Rfb1 b4 23. Rc1 h6 24. h3 Rb6 25. Qb1 Qe6 26. Rc5
Ra4 27. Qc2 Rba6 28. Qb3 R4a5 29. Rc1 Ra3 30. Qc2 Rb3 31. axb3 Rb6 32. Ra2
g5 33. Qd3 Nb8 34. Rxc7 {Black resigns} 1-0

[Event "Dos Hermanas Internet Tournament:  final knockout stage"]
[Site "Internet Chess Club"]
[Date "2002.03.22"]
[Round "1a"]
[White "Champbuster"]
[Black "Contora"]
[Result "1/2-1/2"]
[ICCResult "Game drawn by mutual agreement"]
[WhiteElo "2897"]
[BlackElo "2743"]
[Opening "Sicilian: Nimzovich-Rossolimo attack (without ...d6)"]
[ECO "B30"]
[NIC "SI.31"]
[Time "15:00:05"]
[TimeControl "480+2"]

1. e4 c5 2. Nf3 Nc6 3. Bb5 d6 4. O-O Bd7 5. c3 Nf6 6. Re1 a6 7. Bf1 Bg4 8.
d3 e6 9. Nbd2 Be7 10. h3 Bh5 11. Qc2 Rc8 12. g4 Bg6 13. Bg2 Nd7 14. Nf1 b5
15. Ng3 Nb6 16. Nf5 O-O 17. Nxe7+ Qxe7 18. Bf4 d5 19. Bg3 c4 20. Qd2 cxd3
21. exd5 Nxd5 22. Nh4 Rfd8 23. Nxg6 hxg6 24. Qxd3 Nf4 25. Qe3 Nxg2 26. Kxg2
Na5 27. b3 {Game drawn by mutual agreement} 1/2-1/2

[Event "Dos Hermanas Internet Tournament:  final knockout stage"]
[Site "Internet Chess Club"]
[Date "2002.03.22"]
[Round "1a"]
[White "DukeNukem"]
[Black "D-Fridman"]
[Result "0-1"]
[ICCResult "White resigns"]
[WhiteElo "2629"]
[BlackElo "3006"]
[Opening "Vienna: Paulsen-Mieses variation"]
[ECO "C26"]
[NIC "VG.01"]
[Time "15:00:00"]
[TimeControl "480+2"]

1. e4 e5 2. Nc3 Nf6 3. g3 Bc5 4. Bg2 Nc6 5. d3 d6 6. h3 a6 7. Nge2 h6 8. O-O
Be6 9. Kh2 d5 10. exd5 Nxd5 11. f4 exf4 12. Nxf4 Nxf4 13. Bxf4 Qd7 14. a3
O-O-O 15. Ne4 Bb6 16. b4 Qe7 17. Bd2 f5 18. Nf2 Bd4 19. Rc1 g5 20. Qf3 Rhf8
21. a4 Bd5 22. Qh5 Bxg2 23. Kxg2 Qd6 24. Rb1 Ne5 25. Nd1 Qc6+ 26. Kh2 Qxc2
{White resigns}
0-1

[Event "Dos Hermanas Internet Tournament:  final knockout stage"]
[Site "Internet Chess Club"]
[Date "2002.03.22"]
[Round "1a"]
[White "Olegas"]
[Black "J-Becerra"]
[Result "1/2-1/2"]
[ICCResult "Game drawn by repetition"]
[WhiteElo "2510"]
[BlackElo "3164"]
[Opening "Scandinavian (center counter) defense"]
[ECO "B01"]
[NIC "SD.01"]
[Time "15:00:08"]
[TimeControl "480+2"]

1. e4 d5 2. exd5 Qxd5 3. Nc3 Qa5 4. d4 c6 5. Nf3 Nf6 6. Bc4 Bf5 7. O-O e6 8.
Re1 Bb4 9. Bd2 O-O 10. a3 Bxc3 11. Bxc3 Qc7 12. Ne5 Nbd7 13. Bb3 Nxe5 14.
dxe5 Ne4 15. Qf3 Nc5 16. Bb4 Nxb3 17. cxb3 c5 18. Bc3 Rad8 19. Rad1 b6 20.
b4 c4 21. h3 Rd3 22. Rxd3 cxd3 23. Qe3 Rd8 24. Rd1 h6 25. Rd2 Qc4 26. f3 Rd5
27. Kf2 Qh4+ 28. Kg1 Qg3 29. Qf2 Qf4 30. g3 Qc4 31. Kg2 Bg6 32. Qe3 Kh7 33.
g4 h5 34. Kg3 Kg8 35. Qg5 hxg4 36. hxg4 Qc7 37. Kg2 Qd8 38. Qxd8+ Rxd8 39.
Kg3 Kf8 40. Kf4 Ke8 41. Ke3 Rd5 42. Rh2 Ke7 43. Kd2 Rd8 44. Rh1 Kd7 45. Rh2
Kc6 46. Rh1 Kb5 47. Rh2 Kc4 48. Rh1 Rc8 49. Rh2 Kb3 50. Rh1 Rf8 51. Rh2 Rc8
52. Rh1 Rd8 53. Rh2 Rc8 54. Rh1 Rd8 55. Rh2 Rc8 {Game drawn by repetition}
1/2-1/2

[Event "Dos Hermanas Internet Tournament:  final knockout stage"]
[Site "Internet Chess Club"]
[Date "2002.03.22"]
[Round "1a"]
[White "Belov"]
[Black "Adla"]
[Result "0-1"]
[ICCResult "White resigns"]
[WhiteElo "2959"]
[BlackElo "2599"]
[Opening "QGA: classical, 6...a6"]
[ECO "D27"]
[NIC "QG.07"]
[Time "15:00:02"]
[TimeControl "480+2"]

1. d4 d5 2. c4 dxc4 3. e3 e6 4. Bxc4 c5 5. Nf3 Nf6 6. O-O a6 7. Bd3 b6 8.
Nc3 Bb7 9. Qe2 Nbd7 10. Rd1 Qc7 11. Bd2 Be7 12. Rac1 O-O 13. e4 Rfc8 14. e5
Ne8 15. Bg5 Bxf3 16. Qxf3 Bxg5 17. Qh5 h6 18. f4 Bxf4 19. Rf1 Be3+ 20. Kh1
Nf8 21. d5 Bxc1 22. d6 Qd7 23. Rxc1 f5 24. g4 Qb7+ 25. Kg1 Qf3 26. Rd1 Ra7
27. gxf5 Qxh5 {White resigns} 0-1

[Event "Dos Hermanas Internet Tournament:  final knockout stage"]
[Site "Internet Chess Club"]
[Date "2002.03.22"]
[Round "1a"]
[White "Bochkarev"]
[Black "Hyxiom"]
[Result "1-0"]
[ICCResult "Black resigns"]
[WhiteElo "2860"]
[BlackElo "2827"]
[Opening "King's Indian: fianchetto, classical variation, 8.e4"]
[ECO "E68"]
[NIC "KI.63"]
[Time "15:00:00"]
[TimeControl "480+2"]

1. d4 Nf6 2. Nf3 g6 3. c4 Bg7 4. g3 O-O 5. Bg2 d6 6. O-O Nbd7 7. Nc3 e5 8.
e4 c6 9. Be3 Re8 10. h3 exd4 11. Nxd4 Nc5 12. Qc2 a5 13. b3 Qe7 14. Rfe1
Nfd7 15. Rad1 h5 16. f4 Qf8 17. Bf2 Ne6 18. Nde2 Ndc5 19. a3 f5 20. exf5
Qxf5 21. Qxf5 gxf5 22. b4 axb4 23. axb4 Na6 24. b5 Nb4 25. bxc6 bxc6 26.
Rxd6 Ra3 27. Rb1 Bf8 28. Rdd1 Bc5 29. Bxc5 Nxc5 30. Rxb4 Be6 31. Bxc6 Rc8
32. Bd5 Bxd5 33. cxd5 Kf7 34. Rc4 Ra5 35. d6 Rd8 36. Kg2 Ne6 37. Ra4 Rc5 38.
Ra7+ Kg6 39. d7 Nf8 40. Rd6+ Kf7 41. Rd5 Rxd5 42. Nxd5 Ke6 43. Ne3 Nxd7 44.
Nd4+ Kf6 45. Nd5+ Kg6 46. Nc6 {Black resigns} 1-0

[Event "Dos Hermanas Internet Tournament:  final knockout stage"]
[Site "Internet Chess Club"]
[Date "2002.03.22"]
[Round "1a"]
[White "Tripy"]
[Black "agrest"]
[Result "1-0"]
[ICCResult "Black resigns"]
[WhiteElo "2749"]
[BlackElo "2746"]
[Opening "Nimzo-Indian: classical variation"]
[ECO "E32"]
[NIC "NI.24"]
[Time "15:00:06"]
[TimeControl "480+2"]

1. d4 Nf6 2. c4 e6 3. Nc3 Bb4 4. Qc2 d6 5. a3 Bxc3+ 6. Qxc3 Nbd7 7. Nf3 b6
8. g3 Bb7 9. Bg2 O-O 10. O-O c5 11. Rd1 Qe7 12. b3 Rac8 13. Bb2 Ne4 14. Qe3
f5 15. Nd2 cxd4 16. Bxd4 e5 17. Bb2 f4 18. gxf4 exf4 19. Qd4 Nxd2 20. Bxb7
Nxb3 21. Qd5+ Kh8 22. Bxc8 Rxc8 23. Qxd6 Qxd6 24. Rxd6 Ndc5 25. Rad1 Kg8 26.
Rd8+ Rxd8 27. Rxd8+ Kf7 28. Ra8 a5 29. Ra7+ Ke6 30. Bxg7 Nd2 31. Bd4 Kd6 32.
Bxc5+ Kxc5 33. Rxh7 Nxc4 34. h4 Nxa3 35. h5 Nb5 36. h6 a4 37. Rd7 Kc6 38.
Rd8 Nd6 39. Rxd6+ {Black resigns} 1-0

[Event "Dos Hermanas Internet Tournament:  final knockout stage"]
[Site "Internet Chess Club"]
[Date "2002.03.22"]
[Round "1a"]
[White "Specialist"]
[Black "Reiko"]
[Result "1-0"]
[ICCResult "Black resigns"]
[WhiteElo "2834"]
[BlackElo "3212"]
[Opening "King's Indian: fianchetto, classical variation"]
[ECO "E67"]
[NIC "KI.65"]
[Time "14:59:57"]
[TimeControl "480+2"]

1. d4 g6 2. Nf3 Bg7 3. g3 Nf6 4. Bg2 O-O 5. c4 d6 6. Nc3 Nbd7 7. O-O e5 8.
Rb1 exd4 9. Nxd4 Re8 10. b4 a5 11. a3 axb4 12. axb4 Ne5 13. c5 dxc5 14. bxc5
c6 15. Bg5 Qa5 16. Bxf6 Qxc3 17. Rc1 Qb4 18. Bxg7 Kxg7 19. e3 Nd7 20. Qg4
Kg8 21. Qg5 Ra5 22. Qh6 Nxc5 23. Rb1 Qc4 24. Rfc1 Qa2 25. Qh4 Nd3 26. Rf1
Qc4 27. Rfd1 Ne5 28. Rdc1 Qa2 29. Qf6 Qa3 30. Nb3 Rb5 31. Nd4 Rxb1 32. Rxb1
Qe7 33. Qf4 Nd3 34. Qf3 c5 35. Ne2 Nb4 36. Nc3 Bf5 37. Rd1 Qe5 38. Nb5 Re7
39. Rd8+ Kg7 40. Qd1 b6 41. Rd6 Re6 42. Rd7 Bc2 43. Qd2 Re7 44. Rd6 Re6 45.
Rd7 Qa1+ 46. Bf1 Bb3 47. Nd6 Re5 48. e4 Be6 49. Qf4 Bxd7 50. Qxf7+ Kh6 51.
Qf8+ Kh5 52. Qg7 {Black resigns} 1-0

[Event "Dos Hermanas Internet Tournament:  final knockout stage"]
[Site "Internet Chess Club"]
[Date "2002.03.22"]
[Round "1a"]
[White "Elprofesor"]
[Black "Petrovich"]
[Result "0-1"]
[ICCResult "White resigns"]
[WhiteElo "2531"]
[BlackElo "2833"]
[Opening "French: exchange variation"]
[ECO "C01"]
[NIC "FR.01"]
[Time "14:59:57"]
[TimeControl "480+2"]

1. e4 e6 2. d4 d5 3. exd5 exd5 4. Nf3 Bg4 5. h3 Bh5 6. Qe2+ Qe7 7. Be3 Nd7
8. Nc3 c6 9. O-O-O O-O-O 10. g4 Bg6 11. Bg2 Re8 12. Rhe1 f6 13. Nh4 Bf7 14.
Qd2 Qd8 15. Bf4 g5 16. Rxe8 Bxe8 17. Bh2 gxh4 18. Re1 Bh6 19. f4 Bf7 20. Kb1
Ne7 21. g5 Bg7 22. f5 Nxf5 23. Nb5 Qb6 24. Qf4 cxb5 25. Qxf5 Re8 26. Rxe8+
Bxe8 27. Qxd5 fxg5 28. Qg8 Qg6 29. a4 Qf7 30. Qxh7 bxa4 31. Qe4 Nb6 32. Bf3
Bc6 33. Bg4+ Bd7 34. Bf3 Bf5 35. Qe1 Bxd4 36. Qb4 Bxc2+ 37. Kxc2 Qxf3 38.
Qxd4 Qg2+ 39. Kb1 Qxh2 40. Qh8+ Kc7 41. Qc3+ Kd6 42. Qf6+ Kd5 43. Qf7+ Ke4
44. Qg6+ Ke3 45. Qxg5+ Qf4 46. Qc5+ Qd4 47. Qg5+ Kd3 48. Qg2 Qe4 49. Qf2 Nd5
50. Ka1 Kc4 51. Qd2 Qh1+ 52. Ka2 Nb4+ {White resigns} 0-1

[Event "Dos Hermanas Internet Tournament:  final knockout stage"]
[Site "Internet Chess Club"]
[Date "2002.03.22"]
[Round "1a"]
[White "SkorpionDefense"]
[Black "Crest"]
[Result "0-1"]
[ICCResult "White resigns"]
[WhiteElo "2707"]
[BlackElo "3088"]
[Opening "Sicilian: Scheveningen (Paulsen), classical variation"]
[ECO "B84"]
[NIC "SI.23"]
[Time "15:00:19"]
[TimeControl "480+2"]

1. e4 c5 2. Nf3 d6 3. d4 cxd4 4. Nxd4 Nf6 5. Nc3 a6 6. Be2 e6 7. Be3 Qc7 8.
Qd2 b5 9. Bf3 Bb7 10. a3 Nbd7 11. Bg5 Be7 12. O-O h6 13. Bxf6 Nxf6 14. Rfe1
O-O 15. Rad1 Rac8 16. Qe3 Rfe8 17. Be2 Qc5 18. Bf1 Bd8 19. Qg3 Bc7 20. Nb3
Qb6 21. Qh4 Bb8 22. Bd3 Ba7 23. Re3 Kh8 24. Rf1 Qd8 25. Rh3 Nd7 26. Qf4 Ne5
27. Be2 Kh7 28. Rd1 Qe7 29. Na5 Ba8 30. Nb3 Red8 31. Bf1 g5 32. Qg3 Qf6 33.
Bd3 Bb6 34. Nc1 Rg8 35. N1e2 g4 36. Rh5 Rg6 37. Nf4 Rg5 38. Rh4 Rcg8 39. Rd2
Ba5 40. Nfe2 Kh8 41. Kh1 Bb6 42. Kg1 Nf3+ 43. gxf3 gxf3 44. Nf4 Rxg3+ 45.
hxg3 Qxh4 {White resigns} 0-1

[Event "Dos Hermanas Internet Tournament:  final knockout stage"]
[Site "Internet Chess Club"]
[Date "2002.03.22"]
[Round "1a"]
[White "Beeblebrox"]
[Black "Igrok"]
[Result "1-0"]
[ICCResult "Black resigns"]
[WhiteElo "2398"]
[BlackElo "2981"]
[Opening "Réti: Nimzovich-Larsen attack"]
[ECO "A06"]
[NIC "QP.09"]
[Time "15:01:15"]
[TimeControl "480+2"]

1. Nf3 d5 2. b3 Bg4 3. e3 Nd7 4. h3 Bh5 5. c4 e6 6. Be2 c6 7. Bb2 Ngf6 8.
O-O Bd6 9. d4 Ne4 10. Nc3 f5 11. Ne5 Bxe2 12. Nxe2 O-O 13. f3 Nef6 14. Nf4
Qe7 15. Rc1 Rae8 16. Qd2 Bb4 17. Bc3 Bxc3 18. Qxc3 Nxe5 19. dxe5 Nd7 20.
Rfd1 Qa3 21. Rc2 Rf7 22. cxd5 cxd5 23. Rdc1 g6 24. Nd3 Kg7 25. Qd2 Qa6 26.
g3 Qb6 27. Qe2 g5 28. Kh2 Nf8 29. f4 h6 30. Nb2 Ng6 31. Na4 Qd8 32. Nc5 Rfe7
33. Nd3 Qb6 34. Rc5 Rh8 35. b4 Qd8 36. R5c2 Rf7 37. Nc5 Qe8 38. Nb3 Qe7 39.
Nd4 Re8 40. Qh5 a6 41. Rc8 Rxc8 42. Rxc8 Rf8 43. Rc7 Rf7 44. fxg5 hxg5 45.
Rxe7 Rxe7 46. Qxg5 {Black resigns} 1-0

[Event "Dos Hermanas Internet Tournament:  final knockout stage"]
[Site "Internet Chess Club"]
[Date "2002.03.22"]
[Round "1a"]
[White "Peon-Dorado"]
[Black "A-Rustemov"]
[Result "1/2-1/2"]
[ICCResult "Game drawn because neither player has mating material"]
[WhiteElo "2700"]
[BlackElo "3168"]
[Opening "French: Winawer, advance, Russian variation"]
[ECO "C17"]
[NIC "FR.10"]
[Time "15:00:09"]
[TimeControl "480+2"]

1. e4 e6 2. d4 d5 3. Nc3 Bb4 4. e5 c5 5. Qg4 Ne7 6. dxc5 Nbc6 7. Bd2 O-O 8.
Nf3 f6 9. exf6 Rxf6 10. O-O-O Bxc5 11. Bg5 Rf7 12. Bd3 Qf8 13. Qh4 h6 14.
Rhe1 Nf5 15. Bxf5 Rxf5 16. Be3 Be7 17. Qa4 Bd7 18. Nd4 Rf6 19. Nxc6 Bxc6 20.
Qg4 Qf7 21. f4 Rf8 22. g3 b5 23. Bd4 Rg6 24. Qh3 b4 25. Ne2 Bb5 26. Ng1 Bd6
27. Kb1 a5 28. Nf3 a4 29. Nh4 Bd7 30. Nxg6 Qxg6 31. Be5 b3 32. Qg2 Bb4 33.
Re3 Rc8 34. Bc3 Bc5 35. Ree1 d4 36. Qe4 bxc2+ 37. Qxc2 Qxc2+ 38. Kxc2 Be8
39. Rxe6 dxc3 40. b3 axb3+ 41. axb3 Ba3 42. f5 Bf7 43. Rb6 Bb2 44. g4 Re8
45. Rc6 Rb8 46. b4 Rxb4 47. Rd8+ Kh7 48. Rcc8 g6 49. Rd7 gxf5 50. Rxf7+ Kg6
51. Rxf5 Rxg4 52. Rf2 Rd4 53. Rc6+ Kh5 54. Rc5+ Kh4 55. Rc7 h5 56. Rg7 Rg4
57. Rgf7 Rd4 58. R7f3 Rg4 59. Rf5 Rd4 60. R5f4+ Rxf4 61. Rxf4+ Kh3 62. Rf2
h4 63. Kd3 Ba3 64. Rc2 Bd6 65. Kxc3 Bxh2 66. Kd3 Bg3 67. Ke4 Kg4 68. Rc1 h3
69. Rh1 h2 70. Rxh2 Bxh2 {Game drawn because neither player has mating
material} 1/2-1/2

[Event "Dos Hermanas Internet Tournament:  final knockout stage"]
[Site "Internet Chess Club"]
[Date "2002.03.22"]
[Round "1a"]
[White "Digo"]
[Black "Wayfarer"]
[Result "1/2-1/2"]
[ICCResult "Game drawn by mutual agreement"]
[WhiteElo "2957"]
[BlackElo "3006"]
[Opening "QGD semi-Slav"]
[ECO "D43"]
[NIC "SL.03"]
[Time "14:59:59"]
[TimeControl "480+2"]

1. d4 d5 2. c4 c6 3. Nc3 Nf6 4. Nf3 e6 5. Bg5 h6 6. Bxf6 Qxf6 7. e3 Nd7 8.
Bd3 dxc4 9. Bxc4 g6 10. O-O Bg7 11. Qc2 O-O 12. Rad1 Qe7 13. Rfe1 b5 14. Bb3
Bb7 15. e4 a6 16. a4 b4 17. Ne2 c5 18. d5 exd5 19. Bxd5 Nb6 20. Bxb7 Qxb7
21. Nf4 c4 22. a5 b3 23. Qc1 Na4 24. e5 Rac8 25. Rd4 Qb5 26. Nd5 Rfe8 27. h4
c3 28. bxc3 b2 29. Qc2 Nxc3 30. Nxc3 Rxc3 31. Qxc3 b1=Q 32. Rxb1 Qxb1+ 33.
Kh2 Qb5 34. Re4 Qd5 35. Re3 Qe6 36. g3 Rc8 37. Qb4 Qa2 38. Kg2 Rc2 39. Qe1
Qe6 40. Re4 Rc5 41. Qb4 Rb5 42. Qc3 Kh7 43. h5 Rb3 44. hxg6+ fxg6 45. Qc7
Qd5 46. Rf4 Rb7 47. Qc4 Qxc4 48. Rxc4 Re7 49. Rc6 Bxe5 50. Nxe5 Rxe5 51.
Rxa6 h5 52. Ra8 Rb5 53. Kf3 Rb2 54. Rc8 Rb5 55. a6 Ra5 56. Rc7+ Kh6 57. a7
g5 58. Ke4 Ra4+ 59. Kd5 h4 60. gxh4 gxh4 61. Kc6 h3 62. Kb7 Rb4+ 63. Kc8 Ra4
64. Kb8 h2 65. Rc1 Rb4+ 66. Kc7 Ra4 67. Kb6 Ra2 68. Rh1 Rb2+ 69. Kc6 Rc2+
70. Kb5 Rb2+ 71. Kc5 Rc2+ 72. Kd4 Ra2 73. Rxh2+ Kg7 74. Rg2+ Kf7 75. Rh2 Kg7
76. Ke4 Rxa7 77. f4 Ra5 78. Rd2 Kf7 79. Rd7+ Ke6 80. Rb7 Ra4+
{Game drawn by mutual agreement}
1/2-1/2

[Event "Dos Hermanas Internet Tournament:  final knockout stage"]
[Site "Internet Chess Club"]
[Date "2002.03.22"]
[Round "1a"]
[White "Lepikson"]
[Black "Azmaiparashvili"]
[Result "0-1"]
[ICCResult "White resigns"]
[WhiteElo "2567"]
[BlackElo "3056"]
[Opening "Sicilian: Najdorf, Byrne (English) attack"]
[ECO "B90"]
[NIC "SI.14"]
[Time "15:00:16"]
[TimeControl "480+2"]

1. e4 c5 2. Nf3 d6 3. d4 Nf6 4. Nc3 cxd4 5. Nxd4 a6 6. Be3 Ng4 7. Bg5 h6 8.
Bh4 g5 9. Bg3 Bg7 10. h3 Ne5 11. f3 Nbc6 12. Bf2 Be6 13. Qd2 Rc8 14. O-O-O
Qa5 15. Kb1 b5 16. Nb3 Qc7 17. Nd5 Qb7 18. c3 O-O 19. h4 g4 20. f4 Nc4 21.
Bxc4 bxc4 22. Nd4 Bxd5 23. exd5 Nxd4 24. Bxd4 Qxd5 25. Rhe1 Rc7 26. Qe2 Qf5+
27. Ka1 Rb8 28. Bxg7 Kxg7 29. Rd4 Rb5 30. Rxc4 Rxc4 31. Qxc4 Qc2 32. b3 Qd2
33. Qd4+ Qxd4 34. cxd4 Rd5 35. Re4 Kf6 36. Kb2 g3 37. Kc3 Rh5 38. Re3 Rxh4
39. Rxg3 Rxf4 40. b4 Ke6 41. Re3+ Kd7 42. a4 Rg4 43. g3 f6 44. b5 axb5 45.
axb5 e5 46. Rf3 Rxd4 47. Rxf6 Kc7 48. Rxh6 Kb6 49. Rh4 Rd1 50. Rb4 d5 51. g4
Rg1 52. Kd3 Rg3+ 53. Ke2 d4 54. Kf2 Rxg4 55. Rb1 Rf4+ 56. Kg3 d3 57. Rd1 Rd4
58. Kf3 Kxb5 59. Ke3 Kc4 60. Rc1+ Kb3 61. Kd2 e4 62. Rb1+ Kc4 63. Rb8 Rd6
64. Rc8+ Kd4 65. Re8 Rd7 66. Re6 Rh7 67. Rd6+ Ke5 68. Rd8 Rh2+ {White
resigns} 0-1

[Event "Dos Hermanas Internet Tournament:  final knockout stage"]
[Site "Internet Chess Club"]
[Date "2002.03.22"]
[Round "1a"]
[White "Sapog"]
[Black "Pantani"]
[Result "*"]
[ICCResult "Game adjourned when Black got disconnected"]
[WhiteElo "2655"]
[BlackElo "3009"]
[Opening "Sicilian: Taimanov (Bastrikov) variation"]
[ECO "B47"]
[NIC "SI.40"]
[Time "14:59:56"]
[TimeControl "480+2"]

1. e4 c5 2. Nf3 e6 3. d4 cxd4 4. Nxd4 Nc6 5. Nc3 Qc7 6. Nxc6 bxc6 7. Bd3 d5
8. O-O Bd6 9. Re1 Ne7 10. exd5 cxd5 11. Nb5 Qd7 12. Nxd6+ Qxd6 13. Qg4 O-O
14. Bf4 Qd8 15. Re3 e5 16. Qh4 e4 17. Rxe4 dxe4 18. Bxe4 Ng6 19. Qxd8 Rxd8
20. Bc7 Be6 21. b3 Rac8 22. Bxd8 Rxd8 23. Kf1 f5 24. Bd3 Nf4 25. Bb5 Rd2 26.
Rc1 Bd5 27. g3 Nh3 28. Be2 Bc6 29. Ke1 Rd8 30. c4 f4 31. Bg4 Ng5 32. gxf4
Nf3+ 33. Bxf3 Bxf3 34. b4 Kf7 35. c5 Bc6 36. Ke2 Rd4 37. Rb1 a6 38. f5 Kf6
39. Ke3 Re4+ 40. Kd3 Kxf5 41. a3 Rf4 42. Ke2 Re4+ 43. Kd2 g5 44. Rb3 Rf4 45.
Ke2 Bb5+ 46. Ke1 Re4+ 47. Kd2 Re2+ 48. Kc1 Rxf2 49. Rh3 Kg6 50. Re3 Rxh2 51.
a4 Bxa4 52. Re6+ Kf5 53. Rxa6 g4 54. Rxa4
{Game adjourned when Black got disconnected}
*

[Event "Dos Hermanas Internet Tournament:  final knockout stage"]
[Site "Internet Chess Club"]
[Date "2002.03.22"]
[Round "1b"]
[White "D-Fridman"]
[Black "DukeNukem"]
[Result "1-0"]
[ICCResult "Black resigns"]
[WhiteElo "3009"]
[BlackElo "2626"]
[Opening "Four knights: Rubinstein counter-gambit, exchange variation"]
[ECO "C48"]
[NIC "KP.03"]
[Time "15:32:39"]
[TimeControl "480+2"]

1. Nf3 Nc6 2. e4 e5 3. Nc3 Nf6 4. Bb5 Nd4 5. Nxd4 exd4 6. e5 dxc3 7. exf6
Qxf6 8. dxc3 Qe5+ 9. Qe2 Qxe2+ 10. Bxe2 d5 11. Bf4 c6 12. O-O-O Bc5 13. c4
Be6 14. cxd5 Bxd5 15. f3 Bxa2 16. b3 Ba3+ 17. Kd2 O-O-O+ 18. Kc3 b5 19.
Rxd8+ Rxd8 20. Ra1 b4+ 21. Kc4 Rd4+ 22. Kxd4 Bb2+ 23. Kc5 Bxa1 24. Kxc6 Bb1
25. Bc7 {Black resigns} 1-0

[Event "Dos Hermanas Internet Tournament:  final knockout stage"]
[Site "Internet Chess Club"]
[Date "2002.03.22"]
[Round "1b"]
[White "Akula"]
[Black "panagulis"]
[Result "1-0"]
[ICCResult "Black resigns"]
[WhiteElo "2804"]
[BlackElo "3058"]
[Opening "Benoni defense, Hromodka system"]
[ECO "A56"]
[NIC "BI.38"]
[Time "15:32:39"]
[TimeControl "480+2"]

1. d4 Nf6 2. c4 c5 3. d5 d6 4. Nc3 g6 5. e4 Bg7 6. h3 O-O 7. Nf3 e6 8. Bd3
exd5 9. cxd5 b5 10. Bxb5 Nxe4 11. Nxe4 Qa5+ 12. Nfd2 Qxb5 13. Nxd6 Qa6 14.
N2c4 Nd7 15. O-O Nb6 16. Nxb6 Qxb6 17. Nxc8 Raxc8 18. Rb1 Qd6 19. Re1 Rfd8
20. Qf3 Rd7 21. Bf4 Qxd5 22. Qxd5 Rxd5 23. b3 Rd7 24. Re2 f5 25. Rc1 Bd4 26.
Rc4 Rcd8 27. Bg5 Rb8 28. Rd2 Re8 29. Kf1 Rd6 30. b4 Rb6 31. g3 Re5 32. bxc5
Bxc5 33. Bf4 Rbe6 34. Bxe5 Rxe5 35. f4 {Black resigns} 1-0

[Event "Dos Hermanas Internet Tournament:  final knockout stage"]
[Site "Internet Chess Club"]
[Date "2002.03.22"]
[Round "1b"]
[White "Crest"]
[Black "SkorpionDefense"]
[Result "1/2-1/2"]
[ICCResult "Game drawn by mutual agreement"]
[WhiteElo "3075"]
[BlackElo "2720"]
[Opening "QGD Slav: 4.Nc3"]
[ECO "D15"]
[NIC "SL.03"]
[Time "15:32:33"]
[TimeControl "480+2"]

1. d4 d5 2. c4 c6 3. Nf3 Nf6 4. Nc3 a6 5. c5 Nbd7 6. h3 g6 7. Bf4 Bg7 8. e3
O-O 9. Be2 b6 10. cxb6 Qxb6 11. Qb3 Qxb3 12. axb3 c5 13. O-O Bb7 14. Ra5
Rfc8 15. Rfa1 Nh5 16. Bh2 Nhf6 17. Bxa6 Bxa6 18. Rxa6 Rxa6 19. Rxa6 e6 20.
Bf4 h6 21. Ra7 g5 22. Bg3 cxd4 23. exd4 Nb6 24. Be5 Nfd7 25. Bxg7 Kxg7 26.
Kf1 f6 27. Ke2 Kg6 28. g4 h5 29. Rb7 hxg4 30. hxg4 Ra8 31. Na4 Ra6 32. Nc5
Nxc5 33. dxc5 Nc8 34. Nd4 Na7 35. Kd2 Nc6 36. Nxc6 Rxc6 37. b4 e5
{Game drawn by mutual agreement}
1/2-1/2

[Event "Dos Hermanas Internet Tournament:  final knockout stage"]
[Site "Internet Chess Club"]
[Date "2002.03.22"]
[Round "1b"]
[White "J-Becerra"]
[Black "Olegas"]
[Result "1/2-1/2"]
[ICCResult "Game drawn by mutual agreement"]
[WhiteElo "3149"]
[BlackElo "2525"]
[Opening "Ruy Lopez: Berlin defense, open variation"]
[ECO "C67"]
[NIC "RL.07"]
[Time "15:32:30"]
[TimeControl "480+2"]

1. e4 e5 2. Nf3 Nc6 3. Bb5 Nf6 4. O-O Nxe4 5. Re1 Nd6 6. Nxe5 Be7 7. Bf1 O-O
8. d4 Nf5 9. c3 Nxe5 10. Rxe5 d6 11. Re1 d5 12. Bf4 Bd6 13. Bxd6 Nxd6 14.
Nd2 Bf5 15. Qh5 c6 16. Nf3 Qf6 17. Ne5 Rae8 18. Re2 Qd8 19. Rae1 f6 20. Ng4
Rxe2 21. Bxe2 Bg6 22. Qh3 Re8 23. Ne3 Ne4 24. Bg4 Ng5 25. Qg3 Ne4 26. Qf4
Qd6 27. Qf3 Ng5 28. Qd1 Qf4 29. g3 Qd6 30. Nf5 Nf3+ 31. Bxf3 Rxe1+ 32. Qxe1
Bxf5 33. Qe8+ Qf8 34. Qe3 Kf7 35. h4 Qe7 36. Qxe7+ Kxe7 37. Kf1 h6 38. Ke1
g5 39. Kd2 Kd6 40. Ke3 Bb1 41. a3 Bf5 42. Be2 Bc2 43. Bg4 Bg6 44. Bc8 b6 45.
Bh3 Be4 46. f3 Bg6 47. f4 gxh4 48. gxh4 Be4 {Game drawn by mutual agreement}
1/2-1/2

[Event "Dos Hermanas Internet Tournament:  final knockout stage"]
[Site "Internet Chess Club"]
[Date "2002.03.22"]
[Round "1b"]
[White "Petrovich"]
[Black "Elprofesor"]
[Result "1-0"]
[ICCResult "Black resigns"]
[WhiteElo "2838"]
[BlackElo "2526"]
[Opening "Dutch defense"]
[ECO "A81"]
[NIC "HD.12"]
[Time "15:32:50"]
[TimeControl "480+2"]

1. d4 f5 2. g3 Nf6 3. Bg2 g6 4. c3 Bg7 5. Qb3 d5 6. Nh3 c6 7. Nf4 O-O 8. h4
Bh8 9. Nd2 Qd6 10. Nf3 Nbd7 11. h5 Ne4 12. hxg6 hxg6 13. Nh4 g5 14. Nxf5
Rxf5 15. Bxe4 Rf7 16. Nxd5 Nf8 17. Ne3 Qf6 18. f3 Bg7 19. Bd2 e5 20. d5 Nd7
21. Ng4 Qd6 22. Be3 Nc5 23. Bxc5 Qxc5 24. dxc6 Bxg4 25. cxb7 Rb8 26. fxg4
Qf2+ 27. Kd2 Qxg3 28. Raf1 Rd8+ 29. Kc2 {Black resigns} 1-0

[Event "Dos Hermanas Internet Tournament:  final knockout stage"]
[Site "Internet Chess Club"]
[Date "2002.03.22"]
[Round "1b"]
[White "agrest"]
[Black "Tripy"]
[Result "0-1"]
[ICCResult "White resigns"]
[WhiteElo "2730"]
[BlackElo "2765"]
[Opening "English: Caro-Kann defensive system"]
[ECO "A11"]
[NIC "EO.64"]
[Time "15:32:32"]
[TimeControl "480+2"]

1. c4 c6 2. Nf3 d5 3. e3 e6 4. Nc3 Bd6 5. d4 f5 6. Ne5 Nf6 7. Be2 O-O 8. O-O
b6 9. f4 Bb7 10. Bd2 Nbd7 11. Be1 Ne4 12. Nxe4 fxe4 13. Rc1 c5 14. Bg4 Qe8
15. Bh4 cxd4 16. exd4 dxc4 17. Qd2 b5 18. Kh1 Nf6 19. Bh3 Nd5 20. Bg3 Qe7
21. Qe2 Nb4 22. f5 Nd3 23. Rcd1 exf5 24. Bxf5 Bxe5 25. dxe5 Rae8 26. Bxe4
Bxe4 27. Qxe4 Nxb2 28. Rb1 Rxf1+ 29. Rxf1 Qd7 30. h3 Nd3 31. Rf3 Qe6 32. Qb7
a6 33. Qc7 b4 34. Re3 Rc8 35. Qb7 a5 36. Kh2 a4 37. Re4 Nc5 38. Rxc4 Nxb7
{White resigns}
0-1